 Dungeon Crawl Stone Soup version 0.30-a0-728-gc68057be0a (webtiles) character file.

Game seed: 9840362971758055292

1435695 MacCMillion the Petrodigitator (level 27, 149/167 HPs)
             Began as a Gargoyle Earth Elementalist on Jan 30, 2023.
             Was the Champion of Vehumet.
             Escaped with the Orb
             ... and 3 runes on Jan 31, 2023!
             The game lasted 07:35:34 (102892 turns).

MacCMillion the Petrodigitator (GrEE)             Turns: 102892, Time: 07:35:35

Health: 149/167    AC: 47    Str: 13    XL:     27
Magic:  34/44      EV: 14    Int: 29    God:    Vehumet [******]
Gold:   6336       SH: 13    Dex: 14    Spells: 1/60 levels left

rFire   + + +      SeeInvis +    O - staff of earth
rCold   + . .      Faith    .    M - +0 kite shield
rNeg    + + +      Spirit   .    Y - quicksilver dragon scales
rPois   ∞          Reflect  .    V - -2 hat of the Alchemist {rElec rPois rF+ rC+ rN+ Will+ rMut rCorr}
rElec   +          Harm     .    X - +2 cloak {rPois}
rCorr   +          Rampage  .    t - +3 pair of gloves of Poor Excuses {rF+}
rMut    +                        P - +2 pair of boots {Fly}
Will    ++++.                    T - amulet of magic regeneration
Stlth   +                        G - ring "Xokonn" {rF++ rN+ Dex+4 Stlth-}
HPRegen 0.47/turn                b - ring of see invisible
MPRegen 0.69/turn

@: flying, studying 2 skills
A: sickness immunity, AC +20, big wings, negative energy resistance 1,
electricity resistance, torment resistance 1, petrification resistance, frail 1
0: Orb of Zot
}: 3/15 runes: barnacled, silver, gossamer
a: Renounce Religion


You escaped.
You worshipped Vehumet.
Vehumet was exalted by your worship.
You visited 11 branches of the dungeon, and saw 51 of its levels.
You also visited: Bailey and Wizlab.

You collected 9735 gold pieces.
You spent 3399 gold pieces at shops.

Inventory:

Hand Weapons
 D - the +9 spear "Taby" {flame, *Noise Will+ MP+9}
   (You took it off a merfolk on level 4 of the Shoals)

   MP:        It affects your magic capacity (+9).
   *Noise:    It may make noises in combat.
   Will:      It increases your willpower.
Armour
 f - the +3 hat of Pondering {ponderous, Will+ MP+10 Int+5}
   (You took it off Gastronok on level 8 of the Dungeon)

   Int:       It affects your intelligence (+5).
   MP:        It affects your magic capacity (+10).
   Will:      It increases your willpower.
 t - the +3 pair of gloves of Poor Excuses (worn) {rF+}
   (You found it on level 3 of the Vaults)

   rF:        It protects you from fire.
 M - a +0 kite shield (worn)
 P - a +2 pair of boots of flying (worn)
 V - the -2 hat of the Alchemist (worn) {rElec rPois rF+ rC+ rN+ Will+ rMut rCorr}
   (You found it on level 3 of the Elven Halls)

   rF:        It protects you from fire.
   rC:        It protects you from cold.
   rElec:     It insulates you from electricity.
   rPois:     It protects you from poison.
   rN:        It protects you from negative energy.
   rCorr:     It protects you from acid and corrosion.
   rMut:      It protects you from mutation.
   Will:      It increases your willpower.
 X - a +2 cloak of poison resistance (worn)
 Y - quicksilver dragon scales (worn)
Magical Staves
 O - a staff of earth (weapon)
Jewellery
 a - the ring "Vuwerch" {+Blink Int+6}
   (You found it on level 3 of the Elven Halls)

   [ring of intelligence]

   Int:       It affects your intelligence (+6).
   +Blink:    It lets you blink.
 b - a ring of see invisible (right hand)
 c - a ring of magical power
 u - the ring "Izeloano" {rC++ rN+ Int-2 SInv Stlth+}
   (You found it on level 3 of the Crypt)

   [ring of positive energy]

   Int:       It affects your intelligence (-2).
   rC:        It greatly protects you from cold.
   rN:        It protects you from negative energy.
   SInv:      It lets you see invisible.
   Stlth:     It makes you more stealthy.
 w - a ring of resist corrosion
 G - the ring "Xokonn" (left hand) {rF++ rN+ Dex+4 Stlth-}
   (You found it on level 3 of the Crypt)

   [ring of positive energy]

   Dex:       It affects your dexterity (+4).
   rF:        It greatly protects you from fire.
   rN:        It protects you from negative energy.
   Stlth:     It makes you less stealthy.
 N - the ring "Tohuisoabo" {*Corrode rN+++ Will++ AC+4 Str-4}
   (You took it off a merfolk on level 4 of the Shoals)

   [ring of protection]

   AC:        It affects your AC (+4).
   Str:       It affects your strength (-4).
   rN:        It renders you almost immune to negative energy.
   *Corrode:  It may corrode you when you take damage.
   Will:      It greatly increases your willpower.
 T - an amulet of magic regeneration (around neck)
 U - the ring "Omaceqeu" {rPois rCorr MP+9 Str-3 Dex+5}
   (You found it in a wizard's laboratory)

   [ring of magical power]

   Str:       It affects your strength (-3).
   Dex:       It affects your dexterity (+5).
   rPois:     It protects you from poison.
   MP:        It affects your magic capacity (+9).
   rCorr:     It protects you from acid and corrosion.
Wands
 o - a wand of iceblast (52)
 E - a wand of flame (99)
 F - a wand of mindburst (42)
 Q - a wand of digging (19)
Scrolls
 d - 32 scrolls of teleportation
 i - 4 scrolls of butterflies
 j - 4 scrolls of silence
 k - 8 scrolls of fog
 l - 6 scrolls of magic mapping
 n - 9 scrolls of amnesia
 p - 3 scrolls of enchant armour
 r - 6 scrolls of vulnerability
 v - 7 scrolls of blinking
 y - 6 scrolls of immolation
 H - a scroll of enchant weapon
 K - 9 scrolls of fear
 S - 9 scrolls of poison
Potions
 e - 11 potions of lignification
 g - 5 potions of berserk rage
 h - 20 potions of curing
 m - 9 potions of brilliance
 q - 18 potions of heal wounds
 x - 4 potions of resistance
 z - 28 potions of mutation
 A - 9 potions of ambrosia
 B - 8 potions of invisibility
 C - 18 potions of might
 I - 4 potions of attraction
 J - 6 potions of magic
 L - 15 potions of cancellation
 R - 5 potions of haste
Miscellaneous
 s - a phantom mirror
 W - a condenser vane


   Skills:
 + Level 22.9 Fighting
 - Level 18.5 Armour
 - Level 9.7 Dodging
 - Level 5.0 Stealth
 - Level 15.0 Shields
 - Level 17.1 Spellcasting
 - Level 21.0 Conjurations
 - Level 7.0 Hexes
 - Level 12.3 Summonings
 - Level 7.0 Necromancy
 - Level 5.0 Translocations
 - Level 0.8 Transmutations
 O Level 27 Earth Magic
 - Level 10.0 Evocations


You had one spell level left.
You knew the following spells:

 Your Spells              Type           Power      Damage    Failure   Level
a - Leda's Liquefaction   Hex/Erth       55%        N/A       1%          4
b - Stone Arrow           Conj/Erth      100%       3d13      0%          3
c - Spellforged Servitor  Conj/Summ      44%        N/A       1%          7
d - Fulminant Prism       Conj/Hex       41%        3d19      1%          4
e - Blink                 Tloc           100%       N/A       1%          2
f - Iskenderun's Battles  Conj           98%        2d14      1%          5
g - Magic Dart            Conj           100%       1d8       0%          1
h - Lee's Rapid Deconstr  Erth           67%        3d30*     0%          5
i - Iron Shot             Conj/Erth      64%        9d12      1%          6
j - Borgnjor's Vile Clut  Necr/Erth      55%        N/A       1%          5
k - Shatter               Erth           67%        3d49*     2%          9
l - Lehudib's Crystal Sp  Conj/Erth      64%        10d15     1%          8

Your spell library contained the following spells:

 Spells                   Type           Power      Damage    Failure   Level
 Polar Vortex             Ice            12%        N/A       100%        9
 Sandblast                Erth           100%       2d20      0%          1
 Freeze                   Ice            96%        1d10      1%          1
 Shock                    Conj/Air       100%       1d9       1%          1
 Slow                     Hex            100%       N/A       1%          1
 Summon Small Mammal      Summ           100%       N/A       1%          1
 Searing Ray              Conj           100%       2d8       0%          2
 Animate Armour           Summ/Erth      100%       N/A       0%          4
 Ensorcelled Hibernation  Hex/Ice        90%        N/A       1%          2
 Passwall                 Tmut/Erth      85%        N/A       1%          2
 Static Discharge         Conj/Air       100%       2-7/arc   1%          2
 Call Canine Familiar     Summ           77%        N/A       1%          3
 Confusing Touch          Hex            60%        N/A       1%          3
 Dazzling Flash           Conj/Hex       100%       N/A       1%          3
 Hailstorm                Conj/Ice       72%        3d15      1%          3
 Inner Flame              Hex/Fire       45%        N/A       1%          3
 Portal Projectile        Hex/Tloc       100%       N/A       1%          3
 Summon Guardian Golem    Hex/Summ       69%        N/A       1%          3
 Vampiric Draining        Necr           60%        2d10      1%          3
 Flame Wave               Conj/Fire      72%        2d16      1%          4
 Iskenderun's Mystic Bla  Conj/Tloc      79%        2d16      1%          4
 Petrify                  Tmut/Erth      100%       N/A       1%          4
 Sticky Flame             Conj/Fire      72%        2d9       1%          4
 Arcjolt                  Conj/Air       36%        1d46      1%          5
 Fireball                 Conj/Fire      36%        3d15      1%          5
 Irradiate                Conj/Tmut      36%        3d23      1%          5
 Lightning Bolt           Conj/Air       36%        1d54      1%          5
 Orb of Destruction       Conj           49%        9d13      1%          7
 Scorch                   Fire           48%        2d7       2%          2
 Kindle Blastsparks       Fire/Tloc/Air  68%        2d15      2%          3
 Anguish                  Hex/Necr       30%        N/A       2%          4
 Animate Dead             Necr           60%        N/A       2%          4
 Cause Fear               Hex            30%        N/A       2%          4
 Dispel Undead            Necr           60%        3d21      2%          4
 Freezing Cloud           Conj/Ice/Air   30%        6-21      2%          5
 Summon Mana Viper        Hex/Summ       69%        N/A       2%          5
 Ignite Poison            Fire/Tmut/Pois 26%        N/A       3%          3
 Conjure Ball Lightning   Conj/Air       36%        3x3d12    3%          6
 Frozen Ramparts          Ice            48%        1d8       4%          3
 Summon Ice Beast         Ice/Summ       57%        N/A       4%          4
 Summon Lightning Spire   Summ/Air       57%        N/A       4%          4
 Summon Forest            Summ/Tloc      33%        N/A       4%          5
 Summon Cactus Giant      Summ           38%        N/A       4%          6
 Wereblood                Tmut           29%        N/A       5%          2
 Vhi's Electric Charge    Tloc/Air       78%        N/A       5%          3
 Manifold Assault         Tloc           52%        N/A       6%          4
 Passage of Golubria      Tloc           52%        N/A       6%          4
 Agony                    Necr           60%        N/A       8%          5
 Spider Form              Tmut/Pois      27%        N/A       13%         3
 Airstrike                Air            12%        2d(2-18)  13%         4
 Ozocubu's Armour         Ice            24%        N/A       16%         3
 Swiftness                Air            24%        N/A       16%         3
 Monstrous Menagerie      Summ           38%        N/A       26%         7
 Summon Hydra             Summ           38%        N/A       26%         7
 Metabolic Englaciation   Hex/Ice        22%        N/A       32%         5
 Silence                  Hex/Air        22%        N/A       32%         5
 Ice Form                 Ice/Tmut       27%        N/A       38%         4
 Death Channel            Necr           30%        N/A       41%         6
 Blade Hands              Tmut           14%        N/A       69%         5
 Malign Gateway           Summ/Tloc      33%        N/A       77%         7
 Eringya's Noxious Bog    Tmut/Pois      13%        N/A       82%         6
 Simulacrum               Ice/Necr       22%        N/A       88%         6
 Summon Horrible Things   Summ           38%        N/A       90%         8
 Dragon Form              Tmut           14%        N/A       100%        7
 Storm Form               Tmut/Air       13%        N/A       100%        7
 Borgnjor's Revivificati  Necr           30%        N/A       100%        8
 Discord                  Hex            30%        N/A       100%        8
 Disjunction              Tloc           26%        N/A       100%        8
 Ignition                 Fire           12%        3d6       100%        8
 Maxwell's Capacitive Co  Air            12%        ∞         100%        8
 Necromutation            Tmut/Necr      23%        N/A       100%        8
 Chain Lightning          Conj/Air       36%        3d48      100%        9
 Death's Door             Necr           30%        N/A       100%        9
 Fire Storm               Conj/Fire      36%        8d9       100%        9
 Sublimation of Blood     Necr           Unusable   N/A       N/A         2
 Statue Form              Tmut/Erth      Unusable   N/A       N/A         6

Dungeon Overview and Level Annotations

Branches:
Dungeon (15/15)            Temple (1/1) D:6            Lair (5/5) D:10
 Shoals (4/4) Lair:3       Spider (4/4) Lair:2        Slime (0/5) Lair:5
    Orc (2/2) D:10            Elf (3/3) Orc:2        Vaults (5/5) D:14
  Crypt (3/3) Vaults:3       Tomb (0/3) Crypt:3      Depths (4/4) D:15
    Zot (5/5) Depths:4     Bailey (visited)          WizLab (visited)

Altars:
Cheibriados
Dithmenos
Fedhas
Gozag
Kikubaaqudgha
Makhleb
Okawaru
Qazlal
Ru
Sif Muna
Uskayaw
Vehumet
Xom
Yredelemnul
Zin
The Shining One
Jiyva

Shops:
D:3 :   D:4 =   D:13 [   Orc:2 =![*   Elf:2 =   Shoals:1 =   Shoals:2 !
Vaults:3 ::!   Vaults:5 ?!!!   Depths:3 *[(   Depths:4 *

Portals:
Hell: Depths:1 Depths:2 Depths:3 Depths:4
Abyss: Depths:3
Pandemonium: Depths:2
Ziggurat: Depths:4

Annotations:
Elf:2 5 runed translucent doors
Depths:2 1 runed translucent door, Uloys's ghost, adept MiBe


Innate Abilities, Weirdness & Mutations

You are immune to sickness and miasma.
Your stone body is resilient. (AC +20)
You are immune to poison.
Your large and strong wings let you fly.
You resist negative energy. (rN+)
You are resistant to electric shocks. (rElec)
You are resistant to unholy torment.
You are immune to petrification.
You are frail. (-10% HP)


Message History

There is a stone staircase leading down here.
You see here a +0 short sword.
There is a fountain of clear blue water here.
An Orb Guardian comes into view.
Unknown command.
You block the Orb Guardian's attack.
Casting: Lehudib's Crystal Spear (mildly dangerous; 1% risk of failure)
Confirm with . or Enter, or press ? or * to list all spells.
Aiming: Borgnjor's Vile Clutch (safe; 1% risk of failure)
Press: ? - help, Shift-Dir - straight line, f - Orb Guardian
Aim: an Orb Guardian (100% to hit)
You feel a surge of power!
Zombie hands grab the Orb Guardian.
The zombie hands constrict the Orb Guardian.
You block the Orb Guardian's attack. The Orb Guardian hits you!!
Unknown command.
Casting: Borgnjor's Vile Clutch (safe; 1% risk of failure)
Confirm with . or Enter, or press ? or * to list all spells.
Aiming: Iron Shot (safe; 1% risk of failure)
Press: ? - help, Shift-Dir - straight line, f/p - Orb Guardian
Aim: an Orb Guardian (lightly wounded, constricted by zombie hands, 100% to hit)
You feel a surge of power!
The iron shot hits the Orb Guardian!!!
The Orb Guardian is severely wounded.
The zombie hands constrict the Orb Guardian!
The Orb Guardian hits you.
Unknown command.
Unknown command.
Casting: Iron Shot (safe; 1% risk of failure)
Confirm with . or Enter, or press ? or * to list all spells.
Aiming: Iron Shot (safe; 1% risk of failure)
Press: ? - help, Shift-Dir - straight line, f/p - Orb Guardian
Aim: an Orb Guardian (almost dead, constricted by zombie hands, 100% to hit)
You feel a surge of power!
The iron shot hits the Orb Guardian!!!
You kill the Orb Guardian!
Vehumet accepts your kill.
You feel your power returning.
Unknown command.
There is an open door here.
There is a staircase leading out of the dungeon here.
You have escaped!

# #.#.#..........#..........#.##.
# #.#....#.#########...######.##.
# #.###.)#..########...######.##.
# #.# #..##..........⌠.##..##.##.
#.# #..##............##..##....
###.###..##.#########..##..######
.........##.#########...'..# #
.........##.##.....##..##..# #
.........##.##..@..'...##..# ####
.........##.##.....##..##..###...
###'###..##.#########..######....
....# #.....# #..######..## #####
##.##.# #.##......... ...#
#.############.##.######## ##.#
#..............##.#
...#####################.#
..................>)...#.#


There were no monsters in sight!

Vanquished Creatures
  Khufu (Crypt:2)
  2 dread liches (Zot:5)
  2 ancient liches (Vaults:5)
  5 orbs of fire
  Mara (Shoals:4)
  3 pandemonium lords
  2 royal mummies
  2 Killer Klowns (Zot:5)
  Vv (Zot:1)
  Parghit (Zot:2)
  Boris (Vaults:5)
  3 curse toes
  5 caustic shrikes (Depths:4)
  6 golden dragons
  A mutant beast (WizLab)
  the Enchantress (Depths:3)
  A Tzitzimitl (Depths:1)
  A Brimstone Fiend (Depths:3)
  Arachne (Spider:2)
  3 electric golems
  A doom hound (Crypt:3)
  Jorgrun (Orc:2)
  15 tentacled monstrosities
  5 deep elf blademasters
  5 liches
  4 quicksilver dragons
  17 Orb Guardians
  4 titans
  2 deep elf master archers (Elf:3)
  An Executioner (Depths:3)
  Gastronok (D:8)
  6 sphinxes
  8 ancient champions (Crypt:3)
  8 death cobs
  12 storm dragons
  Kirke (Spider:2)
  A tengu reaver (Vaults:5)
  7 shadow dragons
  Roxanne (D:15)
  4 draconian knights
  A revenant (Crypt:1)
  6 draconian monks
  8 fire giants
  5 deep elf sorcerers
  2 daevas (Depths:4)
  7 frost giants
  11 vault wardens
  4 draconian scorchers
  A cacodemon (Depths:3)
  2 ghouls (Crypt:2)
  3 emperor scorpions
  2 balrugs (Depths:3)
  3 spriggan defenders (Depths:3)
  A deep elf elementalist (Elf:3)
  10 ghost moths
  3 curse skulls
  5 draconian shifters
  20 very ugly things
  A broodmother (shapeshifter) (Vaults:5)
  6 draconian annihilators
  2 draconian stormcallers
  21 ironbound preservers
  2 reapers
  20 stone giants
  2 war gargoyles
  6 ironbound thunderhulks
  8 vampire knights
  3 green draconians
  5 yellow draconians
  8 deep elf demonologists
  12 black draconians
  2 spectral hellephants (Crypt:3)
  2 deep elf annihilators (Elf:3)
  2 red draconians
  5 spark wasps
  4 dire elephants (Vaults:1)
  7 purple draconians
  4 white draconians
  2 deep elf death magi (Elf:3)
  A mummy priest (Crypt:3)
  2 eidola
  Snorg (Lair:3)
  A blizzard demon (Depths:3)
  3 merfolk javelineers
  2 crystal guardians (Vaults:4)
  6 fire dragons
  10 jiangshi
  12 ettins
  2 spectral elves (Crypt:3)
  8 merfolk impalers
  12 yaktaur captains
  2 great orbs of eyes
  A quicksilver dragon zombie (Crypt:3)
  6 entropy weavers
  A rakshasa (Depths:3)
  Fannar (Lair:3)
  3 deep elf high priests
  A spriggan zombie (Crypt:1)
  The ghost of Syrassil the Nimble, a journeyman MfGl of Dithmenos (D:10)
  8 hydras
  A quicksilver dragon skeleton (Crypt:1)
  A hell beast (Depths:1)
  4 ice dragons
  A caustic shrike simulacrum (Crypt:1)
  4 radroaches
  6 spriggan air magi
  An anaconda (Lair:5)
  28 vault guards
  Erica (D:8)
  A merfolk avatar (Shoals:4)
  A catoblepas (Lair:1)
  3 ogre magi
  7 ironbound frosthearts
  A jorogumo (Spider:2)
  13 two-headed ogres
  3 death knights
  2 anacondas (shapeshifter)
  A merfolk aquamancer (Shoals:4)
  A two-headed ogre (shapeshifter) (Vaults:5)
  A satyr (Shoals:3)
  2 boulder beetles
  4 deep troll shamans
  3 tengu warriors
  An Orb Guardian skeleton (Crypt:1)
  4 death yaks (Lair:2)
  21 centaur warriors
  11 dancing weapons
  6 deep troll earth magi
  A soul eater (Crypt:2)
  10 vampire magi
  6 deep elf knights
  4 shock serpents (Zot:3)
  14 hell knights
  A sun demon (Depths:4)
  4 spriggan berserkers
  Sonja (Lair:3)
  2 orc high priests
  Nergalle (Lair:2)
  7 skeletal warriors
  A fire crab (Lair:5)
  2 sixfirhies (Zot:3)
  A pharaoh ant (Spider:2)
  3 shadow wraiths (Crypt:3)
  12 iron trolls
  A storm dragon skeleton (Crypt:2)
  4 flayed ghosts
  59 deep trolls
  5 glowing orange brains
  A shadow demon (D:13)
  7 orb spiders
  6 sea snakes
  8 wizards
  A spriggan simulacrum (Crypt:1)
  6 phantasmal warriors
  3 deep elf archers
  25 ironbound convokers
  4 lindwurms
  2 steelbarb worms (Spider:2)
  A harpy (shapeshifter) (WizLab)
  6 necromancers
  8 orc knights
  10 deep elf pyromancers
  11 deep elf zephyrmancers
  3 harpies
  A sphinx zombie (Depths:3)
  6 wolf spiders
  10 fauns
  4 orc sorcerers
  A tengu skeleton (Depths:3)
  34 ugly things
  A salamander (shapeshifter) (Vaults:5)
  18 moths of wrath
  16 cyclopes
  A salamander (Depths:3)
  23 elephants
  2 manticores (shapeshifter)
  11 manticores
  4 merfolk sirens
  2 demonic crawlers
  15 vault sentinels
  6 black mambas
  An eye of devastation (shapeshifter) (Vaults:5)
  2 cane toads (shapeshifter) (WizLab)
  4 gargoyles
  An unseen horror (shapeshifter) (WizLab)
  10 cane toads
  An orange demon (D:15)
  7 water nymphs
  2 unseen horrors
  A catoblepas zombie (Crypt:3)
  3 torpor snails (Spider:4)
  13 komodo dragons
  4 rime drakes
  A centaur skeleton (Crypt:3)
  2 efreet
  A death yak zombie (Crypt:3)
  A yaktaur (shapeshifter) (WizLab)
  3 freezing wraiths
  2 rime drakes (shapeshifter) (WizLab)
  32 yaktaurs
  A bunyip simulacrum (Crypt:1)
  A tengu conjurer (Depths:1)
  10 guardian mummies
  2 meliai (shapeshifter) (WizLab)
  4 human zombies
  7 wind drakes
  13 merfolk
  10 trolls
  11 polar bears
  A hydra zombie (Crypt:3)
  2 meliai
  A hornet (shapeshifter) (WizLab)
  A blink frog (shapeshifter) (WizLab)
  Grinder (D:6)
  A death drake zombie (Crypt:3)
  6 tarantellas
  7 dream sheep
  7 saltlings
  14 blink frogs
  4 hornets
  A raiju (shapeshifter) (WizLab)
  5 snapping turtles
  A dream sheep (shapeshifter) (Depths:4)
  12 slime creatures
  2 flying skulls (Crypt:1)
  14 jumping spiders
  An air elemental (Shoals:4)
  A culicivora (shapeshifter) (WizLab)
  2 spriggans (shapeshifter)
  An elf simulacrum (Vaults:4)
  18 water elementals
  A guardian serpent skeleton (Crypt:2)
  A shadow (D:11)
  5 wraiths
  5 wyverns
  A yak (shapeshifter) (WizLab)
  12 culicivoras
  18 spriggans
  A fire bat (shapeshifter) (WizLab)
  2 vampires (Crypt:3)
  A neqoxec (D:10)
  68 yaks
  A hog (Spider:2)
  An iron golem (WizLab)
  6 vampire mosquitoes
  2 fire elementals (Elf:2)
  6 basilisks
  2 steam dragons (D:7)
  Grum (D:8)
  3 humans (D:14)
  27 redbacks
  3 small abominations (WizLab)
  6 wargs
  A deep troll zombie (Crypt:1)
  19 water moccasins
  An acid dragon (shapeshifter) (D:10)
  Duvessa (D:6)
  2 floating eyes (shapeshifter)
  A glowing shapeshifter skeleton (Crypt:1)
  3 floating eyes (WizLab)
  2 nameless horrors
  A water nymph skeleton (Crypt:1)
  9 black bears
  An ice beast (D:7)
  29 orc warriors
  8 boggarts
  11 ogres
  5 large abominations (WizLab)
  21 wolves
  10 centaurs
  A phantom (D:5)
  2 kobold brigands
  A gnoll sergeant (D:8)
  An elf zombie (Crypt:1)
  3 scorpions
  23 bullfrogs
  3 earth elementals
  A yaktaur skeleton (Crypt:1)
  A naga simulacrum (Crypt:3)
  3 necrophages
  8 wights
  A queen bee zombie (Crypt:2)
  Dowan (D:5)
  4 killer bees (D:9)
  A spriggan skeleton (Crypt:3)
  9 howler monkeys
  A wolf zombie (Crypt:3)
  2 electric eels
  3 lava snakes (D:8)
  A centaur zombie (Crypt:3)
  3 hounds
  20 orc priests
  A gnoll bouda (D:4)
  2 human skeletons (Crypt:1)
  An iguana (shapeshifter) (D:10)
  4 lightning spires (Zot:3)
  22 orc wizards
  A naga zombie (Crypt:2)
  An acid dragon zombie (Crypt:2)
  A hound skeleton (Crypt:2)
  3 mummies
  17 gnolls
  5 adders
  15 white imps
  2 worms
  84 orcs
  4 bats
  4 endoplasms
  A giant cockroach (D:1)
  9 goblins
  12 hobgoblins
  10 jackals
  6 quokkas
  10 ball pythons
  5 frilled lizards
  A frilled lizard zombie (Crypt:3)
  26 kobolds
  6 rats
  A river rat skeleton (Crypt:2)
1876 creatures vanquished.

Vanquished Creatures (collateral kills)
  2 ancient liches
  A dread lich (Zot:5)
  Bai Suzhen (Shoals:4)
  2 Killer Klowns
  A caustic shrike (Depths:4)
  Nikola (Spider:1)
  2 golden dragons
  Mlioglotl (Spider:4)
  2 tentacled monstrosities
  7 Orb Guardians (Zot:5)
  A lich (Depths:2)
  Asterion (Elf:3)
  A quicksilver dragon (Zot:1)
  The ghost of Oshuy the Hoplite, an adept GrFi of Hepliaklqana (Vaults:3)
  A deep elf blademaster (Elf:2)
  An ancient champion (Crypt:3)
  A sphinx (Depths:2)
  A revenant (Crypt:2)
  2 draconian monks (Zot:3)
  3 shadow dragons
  A tengu reaver (Vaults:5)
  2 draconian knights
  An iron dragon (Depths:4)
  3 deep elf sorcerers (Elf:3)
  5 fire giants
  A frost giant (Vaults:1)
  5 vault wardens
  A curse skull (Crypt:1)
  A ghoul (Crypt:2)
  4 ironbound preservers
  A spriggan defender (Depths:3)
  2 draconian shifters
  4 draconian annihilators
  A broodmother (Spider:2)
  2 ironbound thunderhulks
  8 very ugly things
  4 deep elf demonologists
  2 stone giants
  2 elemental wellsprings (Shoals:1)
  4 black draconians
  2 vampire knights
  A spark wasp (Depths:4)
  7 green draconians
  A dire elephant (shapeshifter) (D:11)
  3 purple draconians
  2 deep elf annihilators
  3 dire elephants (Vaults:1)
  A red draconian (Zot:3)
  2 yellow draconians
  3 white draconians
  6 deep elf death magi
  A green death (Depths:1)
  2 eidola
  6 ettins
  5 jiangshi
  3 merfolk javelineers (Shoals:4)
  6 merfolk impalers
  3 fire dragons
  4 yaktaur captains
  6 deep elf high priests (Elf:3)
  Josephine (D:15)
  2 ice dragons
  2 entropy weavers
  4 vault guards (D:14)
  A peacekeeper (Vaults:4)
  A spriggan air mage (Depths:3)
  A jorogumo (Spider:4)
  An ogre mage (Vaults:1)
  4 boulder beetles
  4 merfolk avatars
  A boulder beetle (shapeshifter) (WizLab)
  12 centaur warriors
  2 merfolk aquamancers
  A two-headed ogre (Zot:4)
  A death scarab (Spider:4)
  2 ironbound frosthearts
  2 satyrs (Shoals:3)
  7 dancing weapons
  2 deep troll shamans
  2 vampire magi
  A titan zombie (Depths:3)
  A spriggan berserker (Depths:3)
  2 orc high priests (Elf:1)
  4 deep troll earth magi
  5 hell knights
  A tengu warrior (Depths:1)
  A deep elf knight (Elf:1)
  3 spriggans
  A fire crab (shapeshifter) (D:13)
  2 sixfirhies
  9 skeletal warriors
  6 iron trolls
  31 deep trolls
  7 sea snakes
  3 pharaoh ants
  6 orb spiders
  5 deep elf archers
  A harpy (Shoals:1)
  3 ironbound convokers
  2 necromancers
  A bunyip skeleton (Crypt:1)
  3 phantasmal warriors
  A wizard (D:11)
  4 steelbarb worms
  4 lindwurms
  9 deep elf pyromancers
  9 deep elf zephyrmancers
  An orc sorcerer (Elf:1)
  A wolf spider (shapeshifter) (Vaults:5)
  18 ugly things
  10 manticores
  A mana viper (shapeshifter) (D:14)
  A salamander (shapeshifter) (D:13)
  7 wolf spiders
  A sphinx skeleton (Crypt:1)
  6 cyclopes
  6 fauns
  3 merfolk sirens
  3 orange demons (D:15)
  7 water nymphs
  4 vault sentinels
  3 moths of wrath
  A torpor snail (Spider:3)
  2 demonic crawlers
  A gargoyle (D:13)
  A rime drake (shapeshifter) (WizLab)
  A minotaur zombie (Crypt:3)
  A minotaur skeleton (Crypt:2)
  14 yaktaurs
  2 efreet
  3 freezing wraiths
  A guardian mummy (Crypt:3)
  2 meliai (D:15)
  11 merfolk
  2 trolls
  A harpy zombie (Crypt:3)
  A troll (shapeshifter) (WizLab)
  4 wind drakes
  5 hornets
  3 polar bears (shapeshifter)
  17 tarantellas
  A meliai (shapeshifter) (WizLab)
  A raiju (Zot:3)
  A hornet (shapeshifter) (D:15)
  2 blink frogs (shapeshifter)
  A stone giant simulacrum (Vaults:4)
  A mana viper skeleton (Crypt:1)
  2 snapping turtles
  2 dream sheep (Shoals:4)
  An ettin zombie (Crypt:1)
  19 jumping spiders
  11 culicivoras
  6 air elementals
  A flying skull (Crypt:1)
  A yak (shapeshifter) (WizLab)
  A fire elemental (Elf:2)
  A wyvern (shapeshifter) (WizLab)
  A basilisk (D:12)
  A vampire (D:12)
  8 slime creatures
  9 wraiths
  3 yaks (D:12)
  3 humans (D:14)
  22 water elementals
  A hog (Spider:2)
  A human (shapeshifter) (D:10)
  2 basilisks (shapeshifter) (WizLab)
  25 redbacks
  3 vampire mosquitoes (D:15)
  2 neqoxecs (D:10)
  2 large abominations (WizLab)
  4 nameless horrors
  A floating eye (WizLab)
  A water nymph skeleton (Crypt:2)
  A centaur (shapeshifter) (WizLab)
  14 centaurs
  A blink frog skeleton (Crypt:2)
  3 small abominations (WizLab)
  A necrophage (Crypt:2)
  3 scorpions (D:15)
  2 earth elementals (Elf:1)
  2 electric eels (D:14)
  A human zombie (Crypt:1)
  An orc wizard (D:13)
  A lightning spire (Zot:3)
  A naga skeleton (Crypt:3)
  A mummy (Crypt:2)
  A swamp drake skeleton (Crypt:1)
  An orc (D:13)
652 creatures vanquished.

Vanquished Creatures (others)
  A black draconian (Zot:3)
  A purple draconian (Zot:4)
  A yellow draconian (Zot:2)
  A shadow demon (Zot:3)
  A human skeleton (Vaults:4)
  A tengu conjurer (D:11)
  A hornet (Depths:4)
  A raiju (Zot:3)
  3 humans
  5 ball lightnings (Zot:3)
  A bush (Lair:4)
  88 fulminant prisms
  44 fungi
  128 plants
277 creatures vanquished.

Grand Total: 2805 creatures vanquished

Notes
Turn   | Place    | Note
-------+----------+-------------------------------------------
     0 | D:1      | MacCMillion the Gargoyle Earth Elementalist began the quest
                  | for the Orb.
     0 | D:1      | Reached XP level 1. HP: 10/10 MP: 3/3
   179 | D:1      | Reached skill level 4 in Earth Magic
   179 | D:1      | Reached XP level 2. HP: 15/15 MP: 0/5
   838 | D:1      | Reached XP level 3. HP: 19/19 MP: 4/6
  1522 | D:2      | Reached skill level 5 in Earth Magic
  1829 | D:2      | Reached skill level 1 in Conjurations
  2020 | D:2      | Reached XP level 4. HP: 24/24 MP: 3/7
  2885 | D:3      | Reached XP level 5. HP: 28/28 MP: 6/8
  3087 | D:3      | Found Ugiy's Book Shoppe.
  3748 | D:3      | Learned a level 3 spell: Stone Arrow
  3858 | D:4      | Found an iron altar of Okawaru.
  3861 | D:4      | Found a snail-covered altar of Cheibriados.
  3861 | D:4      | Found an opulent altar of Gozag.
  3863 | D:4      | Found a shimmering altar of Xom.
  3863 | D:4      | Found a shadowy altar of Dithmenos.
  3863 | D:4      | Found a shimmering altar of Xom.
  3938 | D:4      | Reached skill level 6 in Earth Magic
  4645 | D:3      | Found Ugiy's Book Shoppe.
  4722 | D:4      | Found Zumnuw's Jewellery Boutique.
  4968 | D:4      | Reached XP level 6. HP: 32/32 MP: 6/9
  5292 | D:4      | Reached skill level 7 in Earth Magic
  5514 | D:4      | Found a hide-covered altar of Uskayaw.
  5514 | D:4      | Noticed an orc warrior
  5714 | D:4      | Reached XP level 7. HP: 36/36 MP: 3/10
  5810 | D:4      | Reached skill level 5 in Conjurations
  6072 | D:5      | Entered Level 5 of the Dungeon
  6075 | D:5      | Reached skill level 8 in Earth Magic
  6870 | D:5      | Reached skill level 9 in Earth Magic
  6986 | D:5      | Reached XP level 8. HP: 41/41 MP: 1/11
  7496 | D:5      | Noticed a yak
  7707 | D:5      | Reached skill level 10 in Earth Magic
  7707 | D:5      | Reached skill level 1 in Fighting
  7857 | D:5      | Noticed a yak
  7858 | D:5      | Noticed a yak
  8039 | D:6      | Noticed Grinder
  8042 | D:6      | Paralysed by Grinder for 3 turns
  8045 | D:6      | Killed Grinder
  8408 | D:4      | Bought a ring of magical power for 220 gold pieces
  8572 | D:6      | Reached skill level 5 in Fighting
  8680 | D:6      | Found a staircase to the Ecumenical Temple.
  8686 | Temple   | Entered the Ecumenical Temple
  8689 | Temple   | Became a worshipper of Vehumet
  8924 | D:6      | Noticed Dowan
  8928 | D:6      | Noticed Duvessa
  8941 | D:6      | Killed Duvessa
  8949 | D:5      | Killed Dowan
  9073 | D:6      | Reached XP level 9. HP: 57/57 MP: 12/12
  9829 | D:6      | Found a staircase to the Ecumenical Temple.
 10392 | D:7      | Reached * piety under Vehumet
 10392 | D:7      | Offered knowledge of Foxfire by Vehumet.
 10610 | D:6      | Learned a level 4 spell: Fulminant Prism
 10739 | D:7      | Reached skill level 1 in Hexes
 11156 | D:8      | Noticed Erica
 11164 | D:8      | Killed Erica
 11165 | D:8      | Reached skill level 10 in Fighting
 11165 | D:8      | Reached XP level 10. HP: 38/68 MP: 4/13
 12018 | D:8      | Noticed Gastronok
 12077 | D:8      | Killed Gastronok
 12898 | D:8      | Noticed Grum
 13024 | D:8      | Found a shimmering blue altar of Sif Muna.
 13196 | D:8      | Offered knowledge of Poisonous Vapours by Vehumet.
 13197 | D:8      | Reached skill level 10 in Conjurations
 13258 | D:8      | Killed Grum
 13567 | D:9      | Reached ** piety under Vehumet
 13576 | D:9      | Found a flagged portal.
 13583 | Bailey   | Entered a bailey
 14547 | D:9      | Identified the +1 plate armour "Zuuwuz" {Str+3}
 14565 | D:9      | Reached XP level 11. HP: 61/72 MP: 14/14
 14619 | D:9      | Reached skill level 5 in Hexes
 14647 | D:9      | Offered knowledge of Inner Flame by Vehumet.
 14650 | D:9      | Noticed a green ugly thing
 14665 | D:9      | Killed a green ugly thing
 14714 | D:9      | You are sucked into a shaft and drop 3 floors!
 14858 | D:10     | Entered Level 10 of the Dungeon
 14865 | D:10     | Found a transporter.
 14865 | D:10     | Noticed a cyclops
 14865 | D:10     | Noticed a two-headed ogre
 15006 | D:10     | Found a staircase to the Orcish Mines.
 15022 | D:10     | Reached *** piety under Vehumet
 16239 | D:8      | Reached skill level 5 in Stealth
 17212 | D:10     | Reached skill level 1 in Shields
 17284 | D:10     | Found a transporter.
 17405 | D:10     | Identified the +0 pair of boots "Ceamm" {+Inv}
 17806 | D:10     | Found a shadowy altar of Dithmenos.
 17821 | D:10     | Offered knowledge of Mephitic Cloud by Vehumet.
 17974 | D:10     | Noticed a tengu warrior
 17989 | D:10     | Found a transporter.
 17989 | D:10     | Found a transporter.
 18021 | D:10     | Found a transporter.
 18052 | D:10     | Found a staircase to the Lair.
 18094 | D:10     | Found a runed translucent gate.
 18095 | D:10     | Found a runed translucent gate.
 18095 | D:10     | Found a runed translucent gate.
 18096 | D:10     | Noticed a brown ugly thing
 18096 | D:10     | Noticed a glowing orange brain
 18097 | D:10     | Noticed a red ugly thing
 18097 | D:10     | Noticed a cyan ugly thing
 18098 | D:10     | Noticed a red ugly thing
 18533 | D:11     | Noticed a cyclops
 18602 | D:11     | Noticed a cyclops
 18607 | D:11     | Killed a cyclops
 18685 | D:11     | Noticed a tengu warrior
 18708 | D:11     | Killed a tengu warrior
 18859 | D:11     | Noticed a manticore
 18898 | D:11     | Noticed a wizard
 18948 | Lair:1   | Entered Level 1 of the Lair of Beasts
 19222 | Lair:1   | Reached skill level 5 in Spellcasting
 19299 | Lair:1   | Reached skill level 5 in Shields
 19299 | Lair:1   | Reached XP level 12. HP: 77/77 MP: 19/19
 19436 | Lair:1   | Noticed a catoblepas
 19455 | Lair:1   | Killed a catoblepas
 19560 | Lair:1   | Learned a level 3 spell: Call Canine Familiar
 19563 | Lair:1   | Learned a level 2 spell: Blink
 19623 | Lair:1   | Reached skill level 1 in Translocations
 19940 | Lair:1   | Reached **** piety under Vehumet
 19940 | Lair:1   | Offered knowledge of Lee's Rapid Deconstruction by Vehumet.
 19941 | Lair:1   | Reached skill level 1 in Summonings
 20801 | Lair:1   | Noticed a seven-headed hydra
 20836 | Lair:1   | Killed a seven-headed hydra
 21122 | Lair:2   | Found a hole to the Spider Nest.
 22892 | D:3      | Bought a book of Power for 588 gold pieces
 22898 | D:3      | Learned a level 5 spell: Iskenderun's Battlesphere
 22900 | D:3      | Learned a level 1 spell: Magic Dart
 23125 | D:10     | Found a shadowy altar of Dithmenos.
 23231 | D:10     | Found a staircase to the Orcish Mines.
 23382 | D:10     | Found a transporter.
 23385 | D:10     | Found a transporter.
 23592 | D:10     | Found a runed translucent gate.
 23592 | D:10     | Found a runed translucent gate.
 23610 | D:10     | Found a staircase to the Lair.
 23722 | D:10     | Found a transporter.
 23743 | D:10     | Found a transporter.
 23776 | D:10     | Found a transporter.
 24066 | Lair:2   | Reached XP level 13. HP: 82/82 MP: 22/22
 24728 | Lair:2   | Noticed Nergalle
 24808 | Lair:2   | Killed Nergalle
 25210 | Lair:2   | Reached skill level 15 in Conjurations
 25657 | Lair:3   | Noticed Fannar
 25663 | Lair:3   | Killed Fannar
 25768 | Lair:3   | Learned a level 5 spell: Lee's Rapid Deconstruction
 25958 | Lair:3   | Noticed Snorg
 25968 | Lair:3   | Killed Snorg
 26583 | Lair:3   | Reached skill level 5 in Summonings
 26919 | Lair:3   | Found a staircase to the Shoals.
 27321 | Lair:3   | Noticed Sonja
 27324 | Lair:3   | Killed Sonja
 27490 | Lair:3   | Gained mutation: Your large and strong wings let you fly.
                  | [Gargoyle growth]
 27490 | Lair:3   | Reached XP level 14. HP: 63/88 MP: 18/23
 28939 | Lair:5   | Entered Level 5 of the Lair of Beasts
 29077 | Lair:5   | Reached ***** piety under Vehumet
 29078 | Lair:5   | Reached skill level 5 in Translocations
 29083 | Lair:4   | Offered knowledge of Fireball by Vehumet.
 29480 | Lair:5   | Found a staircase to the Slime Pits.
 29480 | Lair:5   | Found a viscous altar of Jiyva.
 30782 | Lair:5   | Reached skill level 10 in Summonings
 31720 | Lair:4   | Reached XP level 15. HP: 86/92 MP: 4/28
 31979 | Lair:5   | Reached skill level 10 in Spellcasting
 32667 | Lair:5   | Found a viscous altar of Jiyva.
 32667 | Lair:5   | Found a staircase to the Slime Pits.
 33371 | D:10     | Learned a level 6 spell: Iron Shot
 33380 | D:10     | Learned a level 7 spell: Spellforged Servitor
 33381 | Orc:1    | Entered Level 1 of the Orcish Mines
 33569 | Orc:2    | Entered Level 2 of the Orcish Mines
 33569 | Orc:2    | Found a staircase to the Elven Halls.
 33573 | Orc:2    | Offered knowledge of Freezing Cloud by Vehumet.
 33691 | Orc:2    | Found a burning altar of Makhleb.
 33977 | Orc:2    | Found a frozen archway.
 34898 | Orc:2    | Found Haorchez's General Store.
 35397 | Orc:2    | Found Ogicwiti's Armour Shoppe.
 35406 | Orc:2    | Found Geruggo's Jewellery Shop.
 35438 | Orc:2    | Bought an amulet of magic regeneration for 390 gold pieces
 35465 | Orc:2    | Found Diacez's Distillery.
 35480 | Orc:2    | Bought a potion of haste for 140 gold pieces
 35638 | Orc:1    | Noticed Jorgrun
 35656 | Orc:2    | Killed Jorgrun
 36126 | Orc:2    | Found a staircase to the Elven Halls.
 36235 | Orc:2    | Found a burning altar of Makhleb.
 36550 | Orc:2    | Found Haorchez's General Store.
 36566 | Orc:2    | Found Diacez's Distillery.
 36568 | Orc:2    | Found Ogicwiti's Armour Shoppe.
 36586 | Orc:2    | Found Geruggo's Jewellery Shop.
 36819 | D:11     | Paralysed by a floating eye for 4 turns
 36978 | D:11     | Offered knowledge of Ozocubu's Refrigeration by Vehumet.
 38080 | D:12     | Found the +6 shillelagh "Devastator" {shatter}
 38513 | D:12     | Reached XP level 16. HP: 78/97 MP: 25/31
 39526 | D:13     | Found Evecsuit's Antique Armour Shoppe.
 39529 | D:13     | Bought a polished helmet for 237 gold pieces
 39529 | D:13     | Identified the +1 helmet of the Vaults {rPois rN+} (You
                  | bought it in a shop on level 13 of the Dungeon)
 41077 | D:14     | Reached ****** piety under Vehumet
 41291 | D:14     | Identified the +2 helmet of the Imbibing Gods {rElec}
 41346 | D:14     | Found a gate to the Vaults.
 41479 | D:14     | Offered knowledge of Lightning Bolt by Vehumet.
 41611 | D:15     | Entered Level 15 of the Dungeon
 41893 | D:15     | Found a staircase to the Depths.
 42082 | D:15     | Noticed Josephine
 42085 | D:15     | Killed Josephine
 42553 | D:15     | Learned a level 5 spell: Borgnjor's Vile Clutch
 42592 | D:15     | Identified Roxanne's Omnibus of the Quarry
 42592 | D:15     | Noticed Roxanne
 42601 | D:15     | Killed Roxanne
 43135 | Spider:1 | Entered Level 1 of the Spider Nest
 43147 | Spider:1 | Reached skill level 1 in Necromancy
 43365 | Spider:1 | Noticed Nikola
 43371 | Spider:1 | Killed Nikola
 44111 | Spider:2 | Noticed Kirke
 44113 | Spider:2 | Killed Kirke
 44189 | Spider:2 | Reached XP level 17. HP: 102/102 MP: 33/33
 44192 | Spider:2 | Reached skill level 5 in Necromancy
 44195 | Spider:2 | Offered knowledge of Irradiate by Vehumet.
 45063 | Spider:2 | Reached skill level 11 in Earth Magic
 45080 | Spider:2 | Noticed Arachne
 45867 | Spider:2 | Killed Arachne
 48002 | Shoals:1 | Entered Level 1 of the Shoals
 48295 | Shoals:1 | Reached skill level 12 in Earth Magic
 48575 | Shoals:1 | Identified the +9 sling of Damiufiz {antimagic, Dex+2}
 48595 | Shoals:1 | Found Bebieth's Jewellery Shop.
 49898 | Shoals:2 | Found Neety's Distillery.
 49900 | Shoals:2 | Offered knowledge of Eringya's Noxious Bog by Vehumet.
 49986 | Shoals:2 | Reached skill level 13 in Earth Magic
 50870 | Shoals:3 | Reached XP level 18. HP: 113/113 MP: 34/34
 51994 | Shoals:4 | Entered Level 4 of the Shoals
 52069 | Shoals:4 | Found a blossoming altar of Fedhas.
 52265 | Shoals:4 | Noticed Bai Suzhen
 52277 | Shoals:4 | Killed Bai Suzhen
 52278 | Shoals:4 | Reached skill level 14 in Earth Magic
 52776 | Shoals:4 | Offered knowledge of Starburst by Vehumet.
 53048 | Shoals:4 | Paralysed by an air elemental for 1 turns
 53082 | Shoals:4 | Identified the +9 spear "Taby" {flame, *Noise Will+ MP+9}
 53090 | Shoals:4 | Reached skill level 15 in Earth Magic
 53434 | Shoals:4 | Identified the +1 glaive "Custehor" {spect, rF+}
 53434 | Shoals:4 | Identified the ring "Tohuisoabo" {*Corrode rN+++ Will++
                  | AC+4 Str-4}
 53526 | Shoals:4 | Noticed Mara
 53541 | Shoals:4 | Killed Mara
 53887 | Shoals:4 | Reached skill level 15 in Fighting
 54077 | Shoals:4 | Reached skill level 1 in Armour
 54390 | Shoals:4 | Got a barnacled rune of Zot
 54551 | Shoals:4 | Learned a level 4 spell: Leda's Liquefaction
 55598 | Spider:3 | Reached XP level 19. HP: 124/124 MP: 35/35
 55645 | Spider:3 | Identified the +7 great mace "Grim Tooth" {freeze, rPois
                  | Stlth+}
 56004 | Spider:4 | Entered Level 4 of the Spider Nest
 56092 | Spider:4 | Reached skill level 5 in Armour
 56359 | Spider:4 | Noticed Mlioglotl
 56366 | Spider:4 | Paralysed by accursed screaming for 1 turns
 56368 | Spider:4 | Killed Mlioglotl
 56757 | Spider:4 | Reached skill level 5 in Dodging
 57572 | Spider:4 | Offered knowledge of Polar Vortex by Vehumet.
 58567 | Spider:4 | Got a gossamer rune of Zot
 58803 | Elf:1    | Entered Level 1 of the Elven Halls
 59413 | Elf:1    | Reached skill level 16 in Earth Magic
 59600 | Elf:1    | Got Pijeh's Almanac of the Band
 60442 | Elf:2    | Identified the +6 quarterstaff "Xygruxil" {freeze, rPois
                  | Will+ Int+3}
 60547 | Elf:2    | Identified the +0 plate armour "Dyiti Kem" {rN+ rCorr SInv}
 60585 | Elf:2    | Found Uceompi's Jewellery Shoppe.
 60635 | Elf:2    | Reached skill level 17 in Earth Magic
 60726 | Elf:2    | Found the +12 pair of quick blades "Gyre" and "Gimble"
                  | {protect}
 60894 | Elf:2    | Found a huge runed translucent gate.
 60894 | Elf:2    | Found a huge runed translucent gate.
 60894 | Elf:2    | Found a huge runed translucent gate.
 60894 | Elf:2    | Found a huge runed translucent gate.
 60894 | Elf:2    | Found a huge runed translucent gate.
 61103 | Elf:3    | Entered Level 3 of the Elven Halls
 61120 | Elf:3    | Reached XP level 20. HP: 129/129 MP: 36/36
 61394 | Elf:3    | Reached skill level 18 in Earth Magic
 61399 | Elf:3    | Noticed Asterion
 61422 | Elf:3    | Killed Asterion
 61796 | Elf:3    | Reached skill level 19 in Earth Magic
 62102 | Elf:3    | Identified the +6 spear of Kubiuzom {freeze, Int+3}
 62207 | Elf:3    | Identified the +7 whip of Decleir {pain, rCorr Str+3 Int+5}
 62207 | Elf:3    | Identified the ring "Murchif" {*Slow +Blink AC+4 Dex+4
                  | SInv}
 62216 | Elf:3    | Identified the +7 plate armour "Saalarao" {*Slow Will+
                  | Str+5}
 62220 | Elf:3    | Identified the ring of Surprise {Ice Drain rElec Dex+3
                  | Stlth+}
 62326 | Elf:3    | Identified the +11 halberd of Nitsuhon {freeze, Fragile
                  | rCorr Str+3}
 62326 | Elf:3    | Identified the +5 sling "Ytebogg" {elec, rN+ Dex+2}
 62330 | Elf:3    | Reached skill level 20 in Earth Magic
 62407 | Elf:3    | Identified the +1 helmet of the Meager God {rN+++}
 62425 | Elf:3    | Found the -2 hat of the Alchemist {rElec rPois rF+ rC+ rN+
                  | Will+ rMut rCorr}
 62441 | Elf:3    | Identified the ring "Vuwerch" {+Blink Int+6}
 63193 | Vaults:1 | Entered Level 1 of the Vaults
 64343 | Vaults:1 | Reached XP level 21. HP: 129/134 MP: 38/38
 64352 | Vaults:1 | Reached skill level 21 in Earth Magic
 67275 | Vaults:2 | Reached skill level 22 in Earth Magic
 67744 | Vaults:3 | Reached skill level 15 in Spellcasting
 67993 | Vaults:3 | Found Qumey's Book Emporium.
 68094 | Vaults:3 | Found a staircase to the Crypt.
 68207 | Vaults:3 | Found Hyid's Distillery.
 68212 | Vaults:3 | Bought 2 potions of haste for 220 gold pieces
 68212 | Vaults:3 | Bought 2 potions of cancellation for 176 gold pieces
 68924 | Vaults:3 | Noticed Oshuy's ghost (adept GrFi)
 68925 | Vaults:3 | Found a runed translucent gate.
 68925 | Vaults:3 | Found a runed translucent gate.
 68925 | Vaults:3 | Found a runed translucent gate.
 68937 | Vaults:3 | Identified the +3 pair of gloves of Poor Excuses {rF+}
 69315 | Vaults:3 | Reached XP level 22. HP: 117/140 MP: 41/41
 69424 | Vaults:3 | Found Ziufuf's Book Emporium.
 70414 | Vaults:4 | Paralysed by a Zot trap for 4 turns
 70420 | Vaults:4 | Reached skill level 23 in Earth Magic
 70784 | Vaults:4 | Found Veagah's Antique Weapon Shoppe.
 72065 | Vaults:4 | Reached skill level 10 in Shields
 72951 | Depths:1 | Entered Level 1 of the Depths
 73146 | Depths:1 | Found a gateway to Hell.
 73849 | Vaults:3 | Identified a scroll of acquirement
 73850 | Vaults:3 | Acquired a staff of earth
 74394 | Depths:2 | Found a one-way gate leading to the halls of Pandemonium.
 74470 | Depths:2 | Acquired 355 gold pieces
 74489 | Depths:2 | Found a runed translucent door.
 74490 | Depths:2 | Noticed Uloys's ghost (adept MiBe)
 74651 | Depths:2 | Reached XP level 23. HP: 132/144 MP: 37/43
 75466 | Depths:2 | Reached skill level 15 in Shields
 75680 | Depths:3 | Noticed the Enchantress
 75982 | Depths:3 | Found Tiegust's Assorted Antiques.
 75984 | Depths:3 | Found Lysidaj's Armour Shoppe.
 75986 | Depths:3 | Found Jiph's Weapon Emporium.
 76132 | Depths:3 | Found a magical portal.
 76141 | WizLab   | Entered Cigotuvi's Fleshworks
 76548 | WizLab   | Got the Cyclopedia of the Sneaky Nightingales
 76550 | WizLab   | Got Cigotuvi's Commentary on Variation and Open Graves
 76552 | WizLab   | Got the Exposition on the Figure
 76821 | WizLab   | Reached skill level 24 in Earth Magic
 77021 | WizLab   | Identified the ring "Omaceqeu" {rPois rCorr MP+9 Str-3
                  | Dex+5}
 77266 | WizLab   | Gained mutation: Armour fits poorly on your strangely
                  | shaped body. [mutagenic glow]
 77479 | Depths:3 | Killed the Enchantress
 78253 | Depths:3 | Found a one-way gate to the infinite horrors of the Abyss.
 78722 | Depths:3 | Found a burning altar of Makhleb.
 78732 | Depths:3 | Identified the +1 rapier "Xior" {elec, rElec rF++ Str-4}
 78735 | Depths:3 | Identified the +4 great mace of Action {heavy, *Noise Fly
                  | Str+2}
 78737 | Depths:3 | Identified the +2 morningstar of Joyful Slaughter {flame,
                  | rF+ Will+}
 78901 | Depths:3 | Identified the +9 flail "Mivudini" {heavy, Will+ Str+3
                  | Int+2}
 79106 | Depths:4 | Entered Level 4 of the Depths
 79133 | Depths:4 | Found a one-way gateway to a ziggurat.
 79367 | Depths:4 | Noticed a caustic shrike
 79367 | Depths:4 | Noticed a caustic shrike
 79368 | Depths:4 | Noticed a caustic shrike
 79375 | Depths:4 | Killed a caustic shrike
 79375 | Depths:4 | Killed a caustic shrike
 79378 | Depths:4 | Killed a caustic shrike
 79699 | Depths:4 | Reached XP level 24. HP: 152/152 MP: 43/43
 79812 | Depths:4 | Found Kosk's Assorted Antiques.
 79901 | Depths:4 | Learned a level 9 spell: Shatter
 80364 | Depths:4 | Reached skill level 25 in Earth Magic
 80826 | Depths:4 | Noticed a caustic shrike
 80826 | Depths:4 | Noticed a caustic shrike
 80833 | Depths:4 | Noticed a caustic shrike
 80836 | Depths:4 | Killed a caustic shrike
 80838 | Depths:4 | Killed a caustic shrike
 80839 | Depths:4 | Killed a caustic shrike
 81995 | Depths:4 | Found a gate to the Realm of Zot.
 82578 | Vaults:5 | Entered Level 5 of the Vaults
 82641 | Vaults:5 | Noticed an ancient lich
 82646 | Vaults:5 | Killed an ancient lich
 83078 | Vaults:5 | Noticed an ancient lich
 83080 | Vaults:5 | Reached XP level 25. HP: 150/168 MP: 44/44
 83080 | Vaults:5 | Killed an ancient lich
 83559 | Vaults:5 | Identified the ring of Xaaroudo {AC+4 SInv}
 83559 | Vaults:5 | Noticed Boris
 83567 | Vaults:5 | Killed Boris
 83590 | Vaults:5 | Identified the +5 long sword of Xiefien {heavy, rPois rC-
                  | Str+5}
 83593 | Vaults:5 | Paralysed by a sphinx for 2 turns
 84108 | Vaults:5 | Got a silver rune of Zot
 84230 | Vaults:5 | Identified the +11 chain mail of Hutud {rF+}
 84323 | Vaults:5 | Found Tomila's Distillery.
 84323 | Vaults:5 | Found Jaocon's Distillery.
 84328 | Vaults:5 | Bought 3 potions of cancellation for 576 gold pieces
 84328 | Vaults:5 | Bought a potion of haste for 240 gold pieces
 84328 | Vaults:5 | Bought 2 potions of brilliance for 192 gold pieces
 84373 | Vaults:5 | Found Zinewiutt's Magic Scroll Shoppe.
 84373 | Vaults:5 | Found Wotunec's Distillery.
 84385 | Vaults:5 | Bought a potion of haste for 140 gold pieces
 84385 | Vaults:5 | Bought a potion of resistance for 140 gold pieces
 84532 | Vaults:5 | Noticed an ancient lich
 84535 | Vaults:5 | Killed an ancient lich
 85382 | Vaults:3 | Killed Oshuy's ghost
 85537 | Vaults:3 | Identified the +2 pair of boots of the Dragon {Rampage}
 85550 | Vaults:3 | Acquired 332 gold pieces
 85930 | D:10     | Found a runed translucent gate.
 85930 | D:10     | Found a runed translucent gate.
 85935 | D:10     | Found a runed translucent gate.
 85935 | D:10     | Noticed Syrassil's ghost (journeyman MfGl)
 85947 | D:10     | Killed Syrassil's ghost
 86619 | Crypt:1  | Entered Level 1 of the Crypt
 86921 | Crypt:1  | Reached skill level 26 in Earth Magic
 87144 | Crypt:1  | Identified the +5 short sword "Binoj" {heavy, rPois rCorr
                  | Dex+3}
 88131 | Crypt:2  | Noticed Khufu
 88146 | Crypt:2  | Noticed a royal mummy
 88158 | Crypt:2  | Killed a royal mummy
 88160 | Crypt:2  | Killed Khufu
 88382 | Crypt:2  | Reached skill level 27 in Earth Magic
 88390 | Crypt:2  | Reached XP level 26. HP: 174/174 MP: 40/44
 89383 | Crypt:3  | Entered Level 3 of the Crypt
 90285 | Crypt:3  | Found a staircase to the Tomb.
 90428 | Crypt:3  | Found the +18 Lear's hauberk
 90454 | Crypt:3  | Identified the +5 lajatang "Wigofoku" {flame, rPois Str-4
                  | Int+2}
 90829 | Crypt:3  | Identified the +3 flail of Fokkucke {venom, rPois}
 90833 | Crypt:3  | Noticed a royal mummy
 90836 | Crypt:3  | Killed a royal mummy
 90936 | Crypt:3  | Found an ancient bone altar of Kikubaaqudgha.
 90940 | Crypt:3  | Found a basalt altar of Yredelemnul.
 90949 | Crypt:3  | Identified the ring "Xokonn" {rF++ rN+ Dex+4 Stlth-}
 90949 | Crypt:3  | Identified the ring "Izeloano" {rC++ rN+ Int-2 SInv Stlth+}
 90949 | Crypt:3  | Identified the ring of Truth {rN+ Str+5 Dex-3}
 90957 | Crypt:3  | Identified the ring "Lyfossef" {rCorr Int+2 Dex+3}
 90959 | Crypt:3  | Identified the amulet of the Glamorous God {Acrobat Dex+3}
 91815 | Zot:1    | Entered Level 1 of the Realm of Zot
 92147 | Zot:1    | Noticed Vv
 92153 | Zot:1    | Killed Vv
 92723 | Zot:2    | Noticed Parghit
 92738 | Zot:2    | Killed Parghit
 92859 | Zot:2    | Reached skill level 10 in Armour
 93450 | Zot:2    | Noticed a Killer Klown
 93456 | Zot:2    | Killed a Killer Klown
 94267 | Zot:3    | Noticed an orb of fire
 94280 | Zot:3    | Killed an orb of fire
 94412 | Zot:3    | Lost mutation: Armour fits poorly on your strangely shaped
                  | body. [potion of mutation]
 94748 | Zot:3    | Reached XP level 27. HP: 182/182 MP: 42/44
 94828 | Zot:3    | Reached skill level 1 in Evocations
 95517 | Zot:3    | Reached skill level 5 in Evocations
 95708 | Zot:3    | Learned a level 8 spell: Lehudib's Crystal Spear
 95710 | Zot:3    | Acquired 620 gold pieces
 97469 | Zot:4    | Reached skill level 15 in Armour
 99136 | Zot:5    | Entered Level 5 of the Realm of Zot
 99142 | Zot:5    | Noticed an orb of fire
 99152 | Zot:5    | Killed an orb of fire
 99680 | Zot:5    | Reached skill level 10 in Evocations
 99824 | Zot:5    | Noticed an ancient lich
 99828 | Zot:5    | Killed an ancient lich
100004 | Zot:5    | Noticed an orb of fire
100009 | Zot:5    | Noticed a dread lich
100010 | Zot:5    | Killed an orb of fire
100179 | Zot:5    | Killed a dread lich
100353 | Zot:5    | Noticed a dread lich
100360 | Zot:5    | Killed a dread lich
100360 | Zot:5    | Noticed an orb of fire
100365 | Zot:5    | Noticed an orb of fire
100366 | Zot:5    | Gained mutation: You are frail. (-10% HP) [an orb of fire]
100368 | Zot:5    | Killed an orb of fire
100371 | Zot:5    | Killed an orb of fire
101333 | Shoals:2 | Bought a potion of haste for 140 gold pieces
102031 | Zot:5    | Noticed a dread lich
102038 | Zot:5    | Killed a dread lich
102060 | Zot:5    | Got the Orb of Zot
102369 | Depths:4 | Noticed Voiclaad the pandemonium lord
102374 | Depths:4 | Killed Voiclaad the pandemonium lord
102468 | Depths:1 | Noticed Dianoet the pandemonium lord
102473 | Depths:1 | Killed Dianoet the pandemonium lord
102703 | D:7      | Noticed Zaetutsaidgh the pandemonium lord
102711 | D:7      | Killed Zaetutsaidgh the pandemonium lord
102766 | D:5      | Noticed Qidanor the pandemonium lord
102892 | D:$      | Escaped with the Orb!

Illustrated notes

Levels and vault maps discovered:
D:1:      dpeg_arrival_rooms_a, layout_basic, grunt_decor_clamped
D:2:      layout_basic, minmay_tetromino_l4
D:3:      layout_basic, serial_shops, shop
D:4:      layout_loops_ring, doesnt_xom_only_xom,
          nicolae_uskayaw_murder_on_the_dancefloor, serial_shops, shop_statue
D:5:      layout_loops_corners, chequers_big_river
D:6:      layout_cave_pools, minmay_temple_entry_fiery,
          kennysheep_generic_room_3, uniq_duvessa, uniq_grinder
D:7:      layout_gridville
D:8:      layout_loops_corners, mainiacjoe_overflow_concentric_impassable,
          kennysheep_cluttered_room, uniq_gastronok, uniq_erica, uniq_grum
D:9:      layout_cave_pools, enter_bailey_3
D:10:     gammafunk_the_bubble [the_bubble_gammafunk_roulette], layout_basic,
          grunt_dithmenos_smoke, david_lair_generic, david_orc_3,
          ploomutoo_gammafunk_ghost_potion_laboratory
D:11:     minmay_the_grid_octo_2x2 [minmay_the_grid_octo_vomiting_pacman,
          minmay_the_grid_octo_77, minmay_the_grid_octo_toaster,
          minmay_the_grid_octo_prize_square_snowflake], layout_basic
D:12:     layout_basic, serial_corexii_hall, corexii_hall_statues_l,
          chequers_hall_statues_wall_a
D:13:     layout_cave_pods, serial_shops, kennysheep_mini
D:14:     layout_basic, ximxim_vaults_locker_room, kennysheep_pointless_box
D:15:     grunt_enter_depths_giant_problem, layout_rooms, nrook_mini_backslash,
          einodemon_barbed_minivault, uniq_josephine, uniq_roxanne
Temple:   dpeg_three_leaves_temple
Lair:1:   layout_regular_city, dreamdust_mushroom_princess,
          minmay_shattered_shrine
Lair:2:   layout_cave_pods, nicolae_spider_entry_orb_guardian, serial_rivers,
          chequers_serial_rivers_small_3, chequers_serial_rivers_small_3,
          chequers_serial_rivers_small_3, chequers_serial_rivers_small_3,
          chequers_serial_rivers_micro_a, chequers_serial_rivers_marsh,
          beast_lair_carwin_2, serial_bayou_shore_b, uniq_nergalle
Lair:3:   nzn_winding_woodlands_small [nzn_winding_woodlands_5x15_twine,
          nzn_winding_woodlands_center_garden,
          nzn_winding_woodlands_5x15_crooked], layout_cave_shapes,
          minmay_shoals_entry_hut, grunt_forest_small_clearings,
          beast_lair_carwin_7, uniq_fannar, uniq_snorg, uniq_sonja
Lair:4:   layout_long_grid, serial_bayou_pond_e, chequers_serial_rivers_marsh,
          lemuel_fruit_fields, infiniplex_staircase_pool_2
Lair:5:   minmay_lair_end_enchanted_forest, layout_cave_pods, slime_entry_1,
          st_stairs_6, chequers_serial_rivers_micro_e
Shoals:1: layout_shoals, serial_shops, shop, nicolae_shoals_spring_well_temple
Shoals:2: layout_shoals, serial_shops, nicolae_shop_crystal
Shoals:3: layout_shoals, st_shoals_ruin
Shoals:4: shoals_end_hellmonk_storm_palace [storm_palace_center_circular,
          storm_palace_corner_altar, storm_palace_corner_pillars,
          storm_palace_corner_pillars, storm_palace_corner_blocked], uniq_mara,
          uniq_bai_suzhen
Spider:1: layout_spider_delve, uniq_nikola
Spider:2: layout_chambers, nicolae_spider_nooks_and_crannies, uniq_kirke,
          uniq_arachne
Spider:3: layout_spider_delve
Spider:4: spider_rune_water, hangedman_spider_mandibles, uniq_mlioglotl
Orc:1:    layout_caves, uniq_jorgrun
Orc:2:    hellmonk_orc_salted, layout_caves, portal_ice_cave_entry_imps,
          bloody_makhleb
Elf:1:    nicolae_elf_arrival_no_cutting_in_line, layout_geoelf_grid,
          minmay_elf_demonology
Elf:2:    elven_hall_of_blades_hangedman_alternative [nicolae_blade_tridents],
          layout_gridlike, minmay_shop_grid_forest,
          hellmonk_guarded_unrand_gyre_and_gimble
Elf:3:    minmay_elf_hall_not_hex, layout_loops_cross, uniq_asterion
Vaults:1: v_rooms_5, grunt_vaults_focal, v_misc_12, vaults_room_glass_cross,
          nicolae_vaults_little_squares_4, hangedman_vaults_variations,
          vaults_mumra_minichess, serial_ice_b, hangedman_vaults_cutoff,
          v_misc_32, nicolae_vaults_little_ls, layout_vaults_big_room
Vaults:2: v_misc_22, nicolae_vaults_border_crossing, v_misc_1,
          vaults_dpeg_cross, v_alt_pattern_1, vaults_room_boxed,
          v_alt_pattern_1, v_misc_26, layout_vaults_omnigrid
Vaults:3: gammafunk_ghost_split, grunt_vaults_hallway_long, vaults_room_octagon,
          nicolae_vaults_big_ls, hangedman_vaults_stretched_pinwheel, v_misc_27,
          nicolae_vaults_network_barrier, vaults_room_stairs_pillars,
          hangedman_vaults_corner_blocks, vaults_room_pool,
          minmay_crypt_entry_simple_plaza, nicolae_vaults_three_branches,
          v_misc_10, hangedman_vaults_stretched_pinwheel,
          layout_vaults_maze_bifur, serial_shops, nicolae_shop_hallway_plus,
          nicolae_shop_behind_doors, nicolae_shop_stone
Vaults:4: grunt_vaults_trifunnel, ontoclasm_vaults_gateway,
          ontoclasm_vaults_loading_screen, v_alt_pattern_3, v_misc_15,
          v_alt_pattern_6, nicolae_vaults_specimen_jars,
          vaults_standard_mumra_lines, nicolae_vaults_murderbox, v_misc_25,
          ontoclasm_vaults_idyll, vaults_room_door_hall, layout_vaults_ring,
          serial_shops, nicolae_shop_waterfront
Vaults:5: uniq_boris
Crypt:1:  layout_regular_city, grunt_crypt_arrival_guarded_gate
Crypt:2:  layout_misc_corridors, uniq_khufu
Crypt:3:  lightli_unholy_cathedral, layout_chaotic_city,
          tomb_entry_sphere_bobbens, beargit_elvish_explorers
Depths:1: layout_cave_pools, hell_entry, ebering_dispersal_statue_hall,
          kennysheep_four_rooms
Depths:2: kennysheep_bubbly, layout_basic, minmay_misc_feat_encased, pan_entry,
          ebering_ghost_inner_flame, hell_entry, infiniplex_staircase_star,
          serial_bayou_shore_a
Depths:3: evilmike_makhleb_hellhole, layout_basic, abyss_entry_crystal,
          hell_entry, chequers_serial_rivers_small_a, mu_enter_wizlab_4,
          minmay_shop_star, minmay_staircase_statues, uniq_grunn,
          uniq_enchantress
Depths:4: grunt_zot_entry_hairpin, layout_basic, enter_ziggurat_d,
          hangedman_geh_valley, chequers_serial_rivers_micro_d, serial_shops,
          nicolae_shop_crystal, grunt_megastairs_5
Zot:1:    layout_basic, uniq_vv
Zot:2:    layout_cathedral_of_symmetry, uniq_parghit
Zot:3:    infiniplex_zot_generator, layout_twisted_circle,
          st_single_dragon_hoard_2
Zot:4:    lemuel_halls_of_wrath, layout_twisted_circle
Zot:5:    layout_basic, st_stairs_12

Skill      XL: |  1  2  3  4  5  6  7  8  9 10 11 12 13 14 15 16 17 18 19 20 21 22 23 24 25 26 27 |
---------------+----------------------------------------------------------------------------------+-----
Earth Magic    | 4 5 6 7 9 10 13 15 17 20 22 23 24 25 27 | 27.0
Conjurations   | 1 2 3 4 5 6 10 12 13 15 17 18 20 21 | 21.0
Fighting       | 7 10 12 15 16 20 21 22 | 22.9
Hexes          | 3 4 5 7 |  7.0
Stealth        | 5 |  5.0
Shields        | 5 14 15 | 15.0
Spellcasting   | 5 6 9 11 12 13 15 16 17 | 17.1
Translocations | 4 5 |  5.0
Summonings     | 2 7 10 12 | 12.3
Necromancy     | 4 6 7 |  7.0
Armour         | 4 6 8 9 12 18 | 18.5
Dodging        | 3 8 9 |  9.7
Evocations     | 10 | 10.0
Transmutations | |  0.8

Action                     |  1- 3 |  4- 6 |  7- 9 | 10-12 | 13-15 | 16-18 | 19-21 | 22-24 | 25-27 || total
---------------------------+-------+-------+-------+-------+-------+-------+-------+-------+-------++-------
  Melee: Dagger            |     6 |     2 |     8 |     1 |     6 |    27 |       |       |       ||    50
         Short sword       |       |       |       |     1 |       |       |       |       |       ||     1
         Spear             |       |       |       |       |       |     9 |     2 |     6 |       ||    17
         Staff             |       |       |       |       |       |       |       |       |    17 ||    17
  Throw: Dart              |       |     2 |     5 |     2 |       |       |       |       |       ||     9
   Cast: Sandblast         |    59 |    90 |    57 |   150 |       |       |       |       |       ||   356
         Stone Arrow       |       |     8 |    59 |   195 |   289 |   252 |    80 |    26 |     4 ||   913
         Fulminant Prism   |       |       |       |    20 |    57 |       |     3 |     8 |       ||    88
         Magic Dart        |       |       |       |     8 |   456 |   157 |       |       |       ||   621
         Iskenderun's Batt |       |       |       |     3 |   168 |   146 |    11 |       |       ||   328
         Blink             |       |       |       |     2 |     7 |     2 |       |       |     2 ||    13
         Call Canine Famil |       |       |       |     2 |     1 |       |       |       |       ||     3
         Lee's Rapid Decon |       |       |       |       |     6 |    40 |    52 |    52 |    60 ||   210
         Spellforged Servi |       |       |       |       |     7 |   200 |   148 |   115 |   151 ||   621
         Iron Shot         |       |       |       |       |       |    21 |   152 |   230 |   396 ||   799
         Borgnjor's Vile C |       |       |       |       |       |   110 |   298 |   287 |   330 ||  1025
         Leda's Liquefacti |       |       |       |       |       |     3 |     3 |       |     1 ||     7
         Shatter           |       |       |       |       |       |       |       |    19 |    27 ||    46
         Lehudib's Crystal |       |       |       |       |       |       |       |       |    11 ||    11
  Evoke: Wand              |       |       |     3 |       |       |       |       |       |     3 ||     6
         Phantom mirror    |       |       |       |       |       |       |       |       |     1 ||     1
    Use: Scroll            |       |    10 |     5 |    11 |     5 |     7 |     1 |     4 |     6 ||    49
         Potion            |       |       |     1 |     2 |       |     2 |       |     3 |     4 ||    12
   Stab: Sleeping          |       |       |       |     1 |       |       |       |       |       ||     1
 Armour: Robe              |    10 |     4 |    12 |     8 |       |       |       |       |       ||    34
         Steam dragon scal |       |       |       |    60 |    81 |   174 |    59 |    59 |    22 ||   455
         Quicksilver drago |       |       |       |       |       |       |       |       |   124 ||   124
  Dodge: Dodged            |    15 |    17 |    30 |    85 |   115 |   138 |    75 |    79 |    96 ||   650
  Block: Buckler           |       |       |       |       |    36 |    46 |    27 |    42 |       ||   151
         Kite shield       |       |       |       |       |       |       |       |     5 |   107 ||   112

Table legend: (Time is in decaauts)
 A = Elapsed time spent in this place.
 B = Non-inter-level travel time spent in this place.
 C = Inter-level travel time spent in this place.
 D = Time resting spent in this place.
 E = Time spent auto-exploring this place.
 F = Levels seen in this place.
 G = Mean time per level.
                   A        B        C        D        E       F      G
               +--------+--------+--------+--------+--------+-----+--------+
         Total | 104678 |  94048 |  10630 |  36766 |  33277 |  53 | 1975.1 |
       Dungeon |  29697 |  26633 |   3064 |   9669 |  11485 |  15 | 1979.8 |
        Temple |      6 |      6 |      0 |      0 |      0 |   1 |    6.0 |
          Lair |  12014 |  11289 |    725 |   4532 |   4355 |   5 | 2402.8 |
        Shoals |   6972 |   6363 |    609 |   2805 |    994 |   4 | 1743.0 |
   Spider Nest |   9242 |   8413 |    829 |   3513 |   2473 |   4 | 2310.5 |
  Orcish Mines |   3333 |   3116 |    217 |   1109 |   1214 |   2 | 1666.5 |
   Elven Halls |   4456 |   3925 |    531 |    927 |   1657 |   3 | 1485.3 |
        Vaults |  13299 |  11571 |   1728 |   4946 |   4251 |   5 | 2659.8 |
         Crypt |   5164 |   4861 |    303 |   1806 |   1851 |   3 | 1721.3 |
        Depths |   8780 |   7488 |   1292 |   3141 |   2297 |   4 | 2195.0 |
           Zot |   9758 |   8430 |   1328 |   3565 |   2352 |   5 | 1951.6 |
        Bailey |    786 |    786 |      0 |    351 |     90 |   1 |  786.0 |
        Wizlab |   1167 |   1167 |      0 |    399 |    254 |   1 | 1167.0 |
               +--------+--------+--------+--------+--------+-----+--------+

Top non-repeatable levels by time:
Spider:2: 4759 daAuts
Vaults:3: 3885 daAuts
    D:10: 3686 daAuts
  Lair:5: 3432 daAuts
     D:5: 3221 daAuts
   Zot:3: 3091 daAuts
Depths:4: 3040 daAuts
Vaults:4: 3010 daAuts
Spider:4: 2732 daAuts
Depths:3: 2667 daAuts
Vaults:1: 2604 daAuts
     D:9: 2410 daAuts
     D:8: 2403 daAuts
Shoals:4: 2376 daAuts
Vaults:2: 2347 daAuts
